 Dungeon Crawl Stone Soup version 0.23-a0-650-ga4d50d4 (console) character file.

350 bli the Skirmisher (level 6, -13/48 HPs)
             Began as a Formicid Abyssal Knight on Jan 4, 2019.
             Was a Believer of Lugonu.
             Mangled by Menkaure (19 damage)
             ... on level 4 of the Dungeon.
             The game lasted 00:15:23 (3274 turns).

bli the Skirmisher (Formicid Abyssal Knight)        Turns: 3274, Time: 00:15:24

Health: -13/48     AC:  3    Str: 18    XL:     6   Next: 92%
Magic:  7/7        EV: 11    Int: 12    God:    Lugonu [**....]
Gold:   164        SH:  4    Dex: 10    Spells: 5/5 levels left

rFire    . . .     SeeInvis +   q - +2 dagger (holy)
rCold    . . .     Gourm    .   d - +0 buckler
rNeg     . . .     Faith    .   v - +0 leather armour
rPois    .         Spirit   .   (helmet unavailable)
rElec    .         Reflect  .   (no cloak)
rCorr    .         Harm     .   (no gloves)
MR       .....                  (no boots)
Stlth    +.........             (no amulet)
HPRegen  0.16/turn              f - ring of teleportation (curse)
MPRegen  0.10/turn              y - ring of flight

@: no status effects
A: permanent stasis, dig shafts and tunnels, four strong arms, antennae 3
a: Dig, Shaft Self, Depart the Abyss, Bend Space, Renounce Religion, Evoke
Flight


You were on level 4 of the Dungeon.
You worshipped Lugonu.
Lugonu was pleased with you.
You were not hungry.

You visited 1 branch of the dungeon, and saw 4 of its levels.
You visited the Abyss 1 time.

You collected 164 gold pieces.

Inventory:

Hand Weapons
 a - a +0 morningstar of venom
 b - a +1 hand axe
 q - a +2 dagger of holy wrath (weapon)
 w - a +0 dagger of holy wrath
 x - a +1 dagger of speed
 B - a +0 hunting sling
 D - a +0 scythe of freezing
 K - a +1 whip of pain
Missiles
 m - 147 stones (quivered)
 s - 10 sling bullets
 H - 8 javelins
Armour
 d - a +0 buckler (worn)
 k - a +0 ring mail
 o - a +0 ring mail
 p - a +0 scale mail
 v - a +0 leather armour (worn)
 C - a +0 animal skin
Jewellery
 f - a cursed ring of teleportation (left hand)
 t - an uncursed ring of see invisible
 y - a ring of flight (right hand)
Scrolls
 e - 3 scrolls of teleportation
 g - a scroll of enchant weapon {unknown}
 h - a scroll of enchant armour
 i - a scroll of blinking {unknown}
 j - a scroll of amnesia
 n - 6 scrolls of remove curse {unknown}
 r - 2 scrolls of fog {unknown}
 u - a scroll of magic mapping {unknown}
 F - a scroll of identify
Potions
 l - 3 potions of lignification
 z - a potion of brilliance
 A - 2 potions of haste {unknown}
 G - a potion of agility {unknown}
 I - a potion of flight {unknown}
Comestibles
 c - 9 rations
 J - 5 chunks of flesh


   Skills:
 * Level 4.0 Fighting
 + Level 3.8(4.6) Axes
 * Level 3.8(4.6) Maces & Flails
 + Level 2.6 Armour
 + Level 1.5 Dodging
 - Level 2.4 Shields
 - Level 2.1 Invocations


You had 5 spell levels left.
You didn't know any spells.
Your spell library was empty.

Dungeon Overview and Level Annotations

Branches:
Dungeon (4/15)
 Temple: D:4-7

Altars:
Kikubaaqudgha

Annotations:
D:4 Menkaure


Innate Abilities, Weirdness & Mutations

You cannot be hasted, slowed, berserked, paralysed or teleported.
You can dig through walls and to a lower floor.
Your four strong arms can wield two-handed weapons with a shield.
You have a pair of large antennae on your head. (SInv)


Message History

Press: ? - help, Shift-Dir - straight line, f/p - Menkaure
Aim: Menkaure (fast)
You throw a steel tomahawk.
The steel tomahawk barely misses Menkaure.
Menkaure calls on the powers of darkness!
Your body is wracked with pain!
Throwing (i - inventory. (/) - cycle)
E - 2 steel tomahawks (quivered)
Press: ? - help, Shift-Dir - straight line, f/p - Menkaure
Aim: Menkaure (fast)
You throw a steel tomahawk.
The steel tomahawk hits Menkaure but does no damage.
Throwing (i - inventory. (/) - cycle)
E - a steel tomahawk (quivered)
Press: ? - help, Shift-Dir - straight line, f/p - Menkaure
Aim: Menkaure (fast)
You throw a steel tomahawk.
The steel tomahawk hits Menkaure but does no damage.
Menkaure hits you!!
* * * LOW HITPOINT WARNING * * *
Menkaure hits you!!
You die...

.. ..# ....
....# #....#
......#
.(.?...##
...((.M@###
.....##...####
..... ##.....##
. ... ##.....#
...####....#
..(..#....##
..........##
##..........##
...........<.#
.............##
..............##


You could see Menkaure.

Vanquished Creatures
  Sigmund (D:3)
  An orc priest (D:3)
  Robin (D:2)
  4 adders
  3 oozes
  An adder skeleton (D:3)
  3 dart slugs
  2 leopard geckos
  10 orcs
  A ball python (D:2)
  4 giant cockroaches
  18 goblins
  7 hobgoblins
  7 jackals
  3 bats
  4 frilled lizards
  6 kobolds
  5 rats
81 creatures vanquished.

Notes
Turn   | Place    | Note
-------+----------+-------------------------------------------
     0 | Abyss:1  | bli the Formicid Abyssal Knight began the quest for the
                  | Orb.
     0 | Abyss:1  | Reached XP level 1. HP: 18/18 MP: 2/2
   130 | Abyss:3  | Noticed a frost giant zombie
   143 | Abyss:3  | Noticed a large abomination
   144 | D:1      | Escaped the Abyss
   259 | D:1      | Reached * piety under Lugonu
   259 | D:1      | Reached skill level 1 in Shields
   313 | D:1      | Reached XP level 2. HP: 15/24 MP: 3/3
   644 | D:1      | Reached XP level 3. HP: 28/29 MP: 4/4
  1131 | D:2      | Reached XP level 4. HP: 30/35 MP: 5/5
  1473 | D:2      | Reached ** piety under Lugonu
  1535 | D:2      | Noticed Robin
  1538 | D:2      | Reached skill level 1 in Dodging
  1541 | D:2      | You fall through a shaft!
  1565 | D:3      | Reached skill level 1 in Maces & Flails
  1565 | D:3      | Reached XP level 5. HP: 12/41 MP: 6/6
  2246 | D:2      | Killed Robin
  2252 | D:2      | HP: 1/41 [goblin/+0 dagger[Robin] (4)]
  2264 | D:2      | HP: 2/41 [goblin/+0 club[Robin] (1)]
  2271 | D:2      | HP: 1/41 [goblin/+0 club[Robin] (2)]
  2277 | D:2      | HP: 1/41 [goblin/+0 club[Robin] (1)]
  2627 | D:3      | Noticed Sigmund
  2657 | D:3      | Killed Sigmund
  2657 | D:3      | Reached XP level 6. HP: 38/48 MP: 7/7
  2948 | D:3      | Reached skill level 4 in Fighting
  3043 | D:3      | Found an ancient bone altar of Kikubaaqudgha.
  3267 | D:4      | Noticed Menkaure
  3274 | D:4      | Mangled by Menkaure

Vault maps used:
D:1:      lightli_arrival_farm
D:2:      feat_on_display, uniq_robin
D:3:      lemuel_doored_altar, uniq_sigmund
D:4:      first_ration, uniq_menkaure
Abyss:1:  evilmike_abyss_exit_9

Skill      XL: |  1  2  3  4  5  6 |
---------------+-------------------+-----
Shields        | 1 2 |  2.4
Axes           | 3 |  3.8
Dodging        | 1 |  1.5
Maces & Flails | 1 3 |  3.8
Fighting       | 4 |  4.0
Armour         | |  2.6
Invocations    | |  2.1

Action                   |  1- 3 |  4- 6 || total
-------------------------+-------+-------++-------
Melee: Hand axe          |   104 |     2 ||   106
       Morningstar       |       |   141 ||   141
Throw: Stone             |     4 |       ||     4
       Tomahawk          |       |    13 ||    13
Invok: Depart the Abyss  |     1 |       ||     1
 Abil: Shaft Self        |       |     1 ||     1
  Use: Potion            |     2 |       ||     2
       Scroll            |       |     6 ||     6
  Eat: Chunk             |       |     8 ||     8
Armor: Leather armour    |    29 |    25 ||    54
       Skin              |    12 |       ||    12
Dodge: Dodged            |    60 |    82 ||   142
Block: Buckler           |    15 |    25 ||    40

Table legend:
 A = Non-vault XP
 B = Vault XP
 C = Vault XP percentage of total XP
 D = Non-vault monster count
 E = Vault monster count
 F = Vault count percentage of total count
                 A         B        C        D         E       F
            +---------+---------+-------+---------+---------+-------
      Total |     246 |     254 |  50.8 |      69 |      12 |  14.8
            +---------+---------+-------+---------+---------+-------
        D:1 |      42 |       3 |   6.7 |      22 |       2 |   8.3
        D:2 |      78 |      31 |  28.4 |      23 |       9 |  28.1
        D:3 |     104 |     220 |  67.9 |      20 |       1 |   4.8
        D:4 |      22 |       0 |   0.0 |       4 |       0 |   0.0
            +---------+---------+-------+---------+---------+-------
